 Dungeon Crawl Stone Soup version 0.27-a0-1277-g3808f8b1c9 (webtiles) character file.

Game seed: 1650033419983748915

581 Froggeryz the Cutter (level 7, 0/52 HPs)
             Began as a Vampire Gladiator on June 12, 2021.
             Was a Believer of Okawaru.
             Slain by a wraith (8 damage)
             ... on level 5 of the Dungeon.
             The game lasted 00:04:07 (4714 turns).

Froggeryz the Cutter (Vampire Gladiator)            Turns: 4714, Time: 00:04:08

Health: 0/52       AC:  7    Str: 15    XL:     7   Next: 14%
Magic:  7/7        EV: 11    Int: 11    God:    Okawaru [**....]
Gold:   218        SH:  0    Dex: 15    Spells: 6/6 levels left

rFire    . . .     SeeInvis +   q - +0 long sword
rCold    . . .     Faith    .   (no shield)
rNeg     . . .     Spirit   .   i - +0 ring mail
rPois    .         Reflect  .   c - +0 helmet
rElec    .         Harm     .   j - +0 cloak
rCorr    .         Rampage  .   (no gloves)
Will     .....                  (no boots)
Stlth    +.........             (no amulet)
HPRegen  0.37/turn              (no ring)
MPRegen  0.10/turn              (no ring)

@: healing quickly, slowed, very slow
A: alive, fangs 3, see invisible, vampiric 2
a: Exsanguinate, Renounce Religion, Heroism


You were on level 5 of the Dungeon.
You worshipped Okawaru.
Okawaru was pleased with you.
You visited 1 branch of the dungeon, and saw 6 of its levels.

You collected 218 gold pieces.

Inventory:

Hand Weapons
 a - a +0 rapier
 l - a +1 vampiric dagger
 q - a +0 long sword (weapon)
Missiles
 d - 3 throwing nets (quivered)
 x - 8 curare-tipped darts
Armour
 c - a +0 helmet (worn)
 i - a +0 ring mail (worn)
 j - a +0 cloak (worn)
Scrolls
 e - 6 scrolls of identify {unknown}
 f - 3 scrolls of enchant armour {unknown}
 h - a scroll of torment {unknown}
 o - 2 scrolls of teleportation {unknown}
 p - a scroll of silence {unknown}
 r - a scroll of vulnerability {unknown}
 s - a scroll of brand weapon {unknown}
 t - a scroll of magic mapping {unknown}
 u - a scroll of blinking {unknown}
Potions
 b - 2 potions of lignification {unknown}
 g - a potion of degeneration {unknown}
 k - a potion of heal wounds
 m - a potion of invisibility {unknown}
 n - a potion of curing {unknown}
 v - a potion of haste {unknown}
 w - a potion of brilliance {unknown}
 z - a potion of ambrosia {unknown}


   Skills:
 - Level 3.0 Fighting
 - Level 5.2(6.4) Short Blades
 * Level 5.1(6.0) Long Blades
 + Level 1.6 Throwing
 - Level 2.0 Armour
 - Level 3.2 Dodging


You had 6 spell levels left.
You didn't know any spells.
Your spell library was empty.

Dungeon Overview and Level Annotations

Branches:
Dungeon (6/15)
 Temple: D:4-7

Altars:
Gozag
Okawaru
Sif Muna
Trog

Shops:
D:4 (


Innate Abilities, Weirdness & Mutations

Your natural rate of healing is accelerated.
You have razor-sharp teeth.
You have supernaturally acute eyesight. (SInv)
You are afflicted with vampirism and can become a bat while bloodless.


Message History

You feel as though you will be slow longer.
You hit the wraith but do no damage.
The wraith is moderately damaged.
The wraith closely misses you. The wraith barely misses you.
You riposte.
You closely miss the wraith.
The wraith is moderately damaged.
You closely miss the wraith.
The wraith is moderately damaged.
The wraith misses you.
You riposte.
You barely miss the wraith.
The wraith is moderately damaged.
The wraith hits you. The wraith drains your vigour!
You feel as though you will be slow longer.
You completely miss the wraith.
The wraith is moderately damaged.
The wraith hits you.
You hit the wraith but do no damage.
The wraith is moderately damaged.
The wraith hits you. x2; The wraith drains your vigour!
You feel as though you will be slow longer.
You closely miss the wraith. You bite the wraith, but do no damage.
The wraith is moderately damaged.
The wraith hits you. The wraith drains your vigour!
You feel as though you will be slow longer.
The wraith completely misses you.
You riposte.
You hit the wraith.
The wraith is heavily damaged.
You barely miss the wraith.
The wraith is heavily damaged.
The wraith hits you but does no damage.
You hit the wraith.
The wraith is heavily damaged.
The wraith hits you!
* * * LOW HITPOINT WARNING * * *
The wraith drains your vigour!
You feel as though you will be slow longer.
The wraith hits you.
* * * LOW HITPOINT WARNING * * *
You hit the wraith but do no damage.
The wraith is heavily damaged.
The wraith hits you!
You die...

#.# #.# #.... #.# #.# #.###
#.#######.####.# ##### #.# #
#..............# . ..# #.# #
..#####.#.####.# .# #.# #.# # .##
#....†..(#####.# #.###.# # .#
#.######.......####.....# #
.######.# #W.........#######
........# #@.#######.# #....
.######## #..# #[# #.###
.##...##########..# #.###.###
.#.#..............#######........
.....#.#########..............###
##.###.# ################ ##...##
#####


You could see a wraith.

Vanquished Creatures
  A black bear (D:5)
  A scorpion (D:4)
  3 hounds (D:4)
  2 orc priests (D:2)
  A bullfrog skeleton (D:4)
  Terence (D:3)
  2 orc wizards (D:5)
  2 iguanas (D:5)
  2 adders
  2 gnolls (D:3)
  A worm (D:3)
  3 dart slugs
  12 orcs
  5 ball pythons
  7 bats
  7 endoplasms
  2 giant cockroaches (D:1)
  4 goblins
  3 hobgoblins
  2 jackals (D:1)
  4 quokkas
  5 frilled lizards
  7 kobolds
  4 rats
83 creatures vanquished.

Notes
Turn   | Place    | Note
-------+----------+-------------------------------------------
     0 | D:1      | Froggeryz the Vampire Gladiator began the quest for the
                  | Orb.
     0 | D:1      | Reached XP level 1. HP: 16/16 MP: 1/1
   226 | D:1      | Reached XP level 2. HP: 22/22 MP: 2/2
   606 | D:1      | Found a faded altar of an unknown god.
   837 | D:1      | Became a worshipper of Warmaster Okawaru
   837 | D:1      | Reached * piety under Okawaru
   965 | D:1      | Gained mutation: You are afflicted with vampirism and can
                  | become a bat while bloodless. [Vampire growth]
   965 | D:1      | Reached XP level 3. HP: 27/27 MP: 3/3
  1779 | D:3      | Noticed Terence
  1807 | D:3      | HP: 1/27 [Terence (6)]
  1822 | D:3      | Killed Terence
  1823 | D:3      | Reached skill level 5 in Short Blades
  1823 | D:3      | Reached XP level 4. HP: 16/33 MP: 4/4
  2628 | D:2      | Reached skill level 1 in Long Blades
  2756 | D:2      | Reached XP level 5. HP: 24/39 MP: 5/5
  3022 | D:3      | Found a bloodstained altar of Trog.
  3558 | D:4      | Found Egyxkuho's Antique Weapon Emporium.
  3633 | D:4      | Reached XP level 6. HP: 25/47 MP: 6/6
  3729 | D:4      | Found a shimmering blue altar of Sif Muna.
  3981 | D:4      | Reached skill level 1 in Armour
  4237 | D:5      | Entered Level 5 of the Dungeon
  4340 | D:5      | Found an opulent altar of Gozag.
  4492 | D:5      | Reached ** piety under Okawaru
  4577 | D:5      | Reached skill level 5 in Long Blades
  4577 | D:5      | Reached XP level 7. HP: 37/52 MP: 7/7
  4698 | D:5      | Noticed a wraith
  4714 | D:5      | Slain by a wraith

Illustrated notes

Levels and vault maps discovered:
D:1:      co_arrival_two_rings, layout_basic, basic_ecumenical_altar
D:2:      layout_loops_ring
D:3:      layout_loops_corners, trog_antimagical, uniq_terence
D:4:      layout_loops_ring, nicolae_sif_muna_condensation, serial_shops,
          nicolae_shop_trees, due_unseen_surprise
D:5:      layout_loops_ring, nicolae_gozag_cash_rules_everything_around_me,
          hangedman_decor_growths
D:6:      layout_loops_ring, tso_altar, minmay_temple_entry_hall, serial_shops,
          shop

Skill      XL: |  1  2  3  4  5  6 |
---------------+-------------------+-----
Short Blades   | 4 5 |  5.2
Fighting       | 2 3 |  3.0
Long Blades    | 2 3 5 |  5.1
Armour         | 2 |  2.0
Throwing       | |  1.6
Dodging        | |  3.2

Action                   |  1- 3 |  4- 6 |  7- 9 || total
-------------------------+-------+-------+-------++-------
Melee: Rapier            |    85 |     2 |       ||    87
       Bite              |    17 |    18 |     4 ||    39
       Dagger            |    57 |       |       ||    57
       Long sword        |       |   167 |    22 ||   189
  Use: Potion            |     1 |       |       ||     1
 Stab: Sleeping          |     1 |       |       ||     1
Armor: Leather armour    |    16 |       |       ||    16
       Ring mail         |    27 |    69 |     2 ||    98
Dodge: Dodged            |    64 |   110 |    12 ||   186
       Rpst.: Long sword |       |    38 |     8 ||    46

Table legend: (Time is in decaauts)
 A = Elapsed time spent in this place.
 B = Non-inter-level travel time spent in this place.
 C = Inter-level travel time spent in this place.
 D = Time resting spent in this place.
 E = Time spent auto-exploring this place.
 F = Levels seen in this place.
 G = Mean time per level.
                   A        B        C        D        E       F      G
               +--------+--------+--------+--------+--------+-----+--------+
         Total |   4741 |   4613 |    128 |    321 |   3541 |   6 |  790.2 |
       Dungeon |   4741 |   4613 |    128 |    321 |   3541 |   6 |  790.2 |
               +--------+--------+--------+--------+--------+-----+--------+

Top non-repeatable levels by time:
     D:3: 1366 daAuts
     D:1: 1090 daAuts
     D:2: 1041 daAuts
     D:4: 754 daAuts
     D:5: 482 daAuts
     D:6: 5 daAuts
